 Dungeon Crawl Stone Soup version 0.22-a0-271-gc000056 (webtiles) character file.

6 4thArraOfDagon the Chiller (level 2, 0/19 HPs)
             Began as a Formicid Ice Elementalist on Mar 12, 2018.
             Slain by a hound skeleton (3 damage)
             ... on level 6 of the Dungeon.
             The game lasted 00:01:27 (232 turns).

4thArraOfDagon the Chiller (FoIE)                    Turns: 232, Time: 00:01:28

Health: 0/19       AC:  2    Str: 12    XL:     2   Next: 0%
Magic:  3/5        EV: 12    Int: 14    God:
Gold:   26         SH:  0    Dex: 11    Spells: 4/5 levels left

rFire    . . .     SeeInvis +   (no weapon)
rCold    . . .     Gourm    .   (no shield)
rNeg     . . .     Faith    .   a - +0 robe
rPois    .         Spirit   .   (helmet unavailable)
rElec    .         Reflect  .   (no cloak)
rCorr    +         Harm     .   (no gloves)
MR       .....                  (no boots)
Stlth    ++........             (no amulet)
HPRegen  0.06/turn              e - ring of resist corrosion
MPRegen  0.09/turn              (no ring)

@: no status effects
A: permanent stasis, dig shafts and tunnels, four strong arms, antennae 3
a: Dig, Shaft Self


You were on level 6 of the Dungeon.
You were not hungry.

You visited 1 branch of the dungeon, and saw 5 of its levels.

You collected 26 gold pieces.

Inventory:

Armour
 a - a +0 robe (worn)
Jewellery
 e - a ring of resist corrosion (left hand)
Scrolls
 b - 4 scrolls of identify {unknown}
 d - a scroll of remove curse {unknown}
 f - a scroll of magic mapping {unknown}
Comestibles
 c - a ration


   Skills:
 - Level 1.7 Dodging
 - Level 2.4 Stealth
 + Level 2.3 Spellcasting
   Level 0.8 Conjurations
 * Level 3.3 Ice Magic


You had 4 spell levels left.
You knew the following spells:

 Your Spells              Type           Power        Failure   Level  Hunger
a - Freeze                Ice            ##..         6%          1    #......


Dungeon Overview and Level Annotations

Branches:
Dungeon (4/15)
 Temple: D:4-7

Altars:

Annotations:
D:4 Edmund


Innate Abilities, Weirdness & Mutations

You cannot be hasted, slowed, berserked, paralysed or teleported.
You can dig through walls and to a lower floor.
Your four strong arms can wield two-handed weapons with a shield.
You have a pair of large antennae on your head. (SInv)


Message History

Confirm with . or Enter, or press ? or * to list all spells.
Aiming: Freeze (safe; 6% risk of failure)
Press: ? - help, Shift-Dir - straight line, f - quokka
Aim: a quokka You freeze the quokka.
You kill the quokka!
You have reached level 2!
A hound skeleton comes into view.
Found a scroll labeled RUSITE JOJIQA.
You see here a scroll labeled CIGOECW MOYGOF.
f - a scroll labeled CIGOECW MOYGOF Unknown command.
Unknown command.
The hound skeleton bites you.
* * * LOW HITPOINT WARNING * * *
The hound skeleton bites you.
* * * LOW HITPOINT WARNING * * *
Unknown command.
The hound skeleton bites you.
You die...

########## ##...@....##
#.....<.Z....##
#.............#
..............##
...............#####
..............#....#####
?.............#####....#
.............## ####.#
.....>.....# ###


You could see a hound skeleton.

Vanquished Creatures
  2 giant cockroaches (D:3)
  A quokka (D:6)
  2 bats
  A frilled lizard (D:3)
6 creatures vanquished.

Notes
Turn   | Place    | Note
-------+----------+-------------------------------------------
     0 | D:1      | 4thArraOfDagon the Formicid Ice Elementalist began the quest for the Orb.
     0 | D:1      | Reached XP level 1. HP: 13/13 MP: 3/3
    19 | D:1      | You fall through a shaft!
    75 | D:2      | You fall through a shaft!
    78 | D:3      | You fall through a shaft!
    84 | D:4      | Noticed Edmund
   197 | D:3      | You fall through a shaft for 3 floors!
   223 | D:6      | Reached XP level 2. HP: 7/19 MP: 3/5
   232 | D:6      | Slain by a hound skeleton

Vault maps used:
D:1:      kennysheep_arrival_forest, minmay_tetromino_t4
D:3:      okawaru_gym_becter
D:4:      yredelemnul_altar_generic, serial_shops, nicolae_shop_waterfront,
          shop, kennysheep_mini, uniq_edmund

Action                   || total
-------------------------++-------
Melee: Unarmed           ||     1
 Cast: Freeze            ||    10
 Abil: Shaft Self        ||     3
       Dig               ||     2
  Use: Potion            ||     1
Armor: Robe              ||     3
Dodge: Dodged            ||     7

Table legend:
 A = Spawn XP
 B = Non-spawn XP
 C = Spawn XP percentage of total XP
 D = Spawn monster count
 E = Non-spawn monster count
 F = Spawn count percentage of total count
 G = Total turns spent on level
                    A         B        C        D         E        F      G
               +---------+---------+-------+---------+---------+-------+---------
         Total |       0 |       9 |   0.0 |       0 |       6 |   0.0 |   232
               +---------+---------+-------+---------+---------+-------+---------
           D:2 |       0 |       1 |   0.0 |       0 |       1 |   0.0 |    54
           D:3 |       0 |       6 |   0.0 |       0 |       4 |   0.0 |   103
           D:6 |       0 |       2 |   0.0 |       0 |       1 |   0.0 |    35
               +---------+---------+-------+---------+---------+-------+---------
